| TOP OF THE 1ST |
|
Cincinnati Reds batting - Pitching for Chicago Cubs : RHP Randy Budgell
|
|
Pitching: RHP Randy Budgell
|
|
|
Batting: LHB Jon Ledesma
|
0-0: Ball 1-0: Ball 2-0: Ball 3-0: SOLO HOME RUN (Flyball, 9D, EV 103.8 MPH), Distance : 382 ft
|
|
Batting: LHB Sean Geisler
|
0-0: Ball 1-0: Foul Ball, location: 2F 1-1: Ball 2-1: SINGLE (Groundball, 34D, EV 100.6 MPH)
|
|
Batting: LHB Jake Bill
|
0-0: Foul Ball, location: 2F 0-1: Ball 1-1: Ball 2-1: Ball 3-1: Fielders Choice at 2nd, 1-6 (Groundball, 13S, EV 64.4 MPH)
|
|
Batting: RHB Willie Cardamone
|
0-0: Called Strike 0-1: Called Strike 0-2: Strikes out swinging
|
|
Batting: SHB Saulo Maina
|
0-0: Fly out, F4 (Popup, 34S, EV 83.1 MPH)
|
| Top of the 1st over - 1 run, 2 hits, 0 errors, 1 left on base; Cincinnati 1 - Chicago 0 |
| BOTTOM OF THE 1ST |
|
Chicago Cubs batting - Pitching for Cincinnati Reds : RHP Bryce Schimmoeller
|
|
Pitching: RHP Bryce Schimmoeller
|
|
|
Batting: RHB Yasuhide Kasahara
|
0-0: Ball 1-0: Ground out 3-1 (Groundball, 34, EV 91.9 MPH)
|
|
Batting: LHB Kevin Norton
|
0-0: Ball 1-0: Swinging Strike 1-1: Ground out 4-3 (Groundball, 34D, EV 84.4 MPH)
|
|
Batting: RHB Efrain Vargas
|
0-0: Ball 1-0: Foul Ball, location: 2F 1-1: Ball 2-1: Fly out, F8 (Flyball, 8LD, EV 110.0 MPH)
|
| Bottom of the 1st over - 0 runs, 0 hits, 0 errors, 0 left on base; Cincinnati 1 - Chicago 0 |
| TOP OF THE 2ND |
|
Cincinnati Reds batting - Pitching for Chicago Cubs : RHP Randy Budgell
|
|
Batting: LHB Shawn Morrison
|
0-0: Ball 1-0: Called Strike 1-1: Ball 2-1: Ball 3-1: Called Strike 3-2: Strikes out looking
|
|
Batting: RHB Omar Quintana
|
0-0: Foul Ball, location: 2F 0-1: Foul Ball, location: 2F 0-2: Strikes out swinging
|
|
Batting: SHB Dave Barefoot
|
0-0: Ball 1-0: SINGLE (Groundball, 4M, EV 98.8 MPH) (infield hit)
|
|
Batting: RHB Fred Slade
|
0-0: Called Strike Dave Barefoot steals 2nd base (no throw) 0-1: Ball 1-1: Foul Ball, location: 2F 1-2: Ball 2-2: Ball 3-2: Base on Balls
|
|
Batting: LHB Jon Ledesma
|
0-0: Fly out, F7 (Flyball, 7D, EV 98.1 MPH)
|
| Top of the 2nd over - 0 runs, 1 hit, 0 errors, 2 left on base; Cincinnati 1 - Chicago 0 |
| BOTTOM OF THE 2ND |
|
Chicago Cubs batting - Pitching for Cincinnati Reds : RHP Bryce Schimmoeller
|
|
Batting: RHB Josh Kalman
|
0-0: Called Strike 0-1: Ball 1-1: Ground out 1-3 (Groundball, 34S, EV 70.0 MPH)
|
|
Batting: RHB Kaeo Zirpoli
|
0-0: Called Strike 0-1: Ball 1-1: Fly out, F6 (Line Drive, 6, EV 66.9 MPH)
|
|
Batting: RHB Elijah Campbell
|
0-0: Ball 1-0: Foul Ball, location: 2F 1-1: Ball 2-1: Ground out 6-3 (Groundball, 6, EV 102.5 MPH)
|
| Bottom of the 2nd over - 0 runs, 0 hits, 0 errors, 0 left on base; Cincinnati 1 - Chicago 0 |
| TOP OF THE 3RD |
|
Cincinnati Reds batting - Pitching for Chicago Cubs : RHP Randy Budgell
|
|
Batting: LHB Sean Geisler
|
0-0: Ball 1-0: Foul Ball, location: 2F 1-1: Foul Ball, location: 2F 1-2: Ball 2-2: Strikes out swinging
|
|
Batting: LHB Jake Bill
|
0-0: Called Strike 0-1: Ball 1-1: Fly out, F7 (Flyball, 78D, EV 97.5 MPH)
|
|
Batting: RHB Willie Cardamone
|
0-0: Ball 1-0: Called Strike 1-1: Ball 2-1: Swinging Strike 2-2: Ball 3-2: DOUBLE (Line Drive, 89XD, EV 101.2 MPH)
|
|
Batting: SHB Saulo Maina
|
0-0: Ball 1-0: 2-RUN HOME RUN (Flyball, 8RXD, EV 111.2 MPH), Distance : 434 ft
|
|
Batting: LHB Shawn Morrison
|
0-0: Ball 1-0: Called Strike 1-1: Called Strike 1-2: Ball 2-2: Foul Ball, location: 2F 2-2: Strikes out swinging
|
| Top of the 3rd over - 2 runs, 2 hits, 0 errors, 0 left on base; Cincinnati 3 - Chicago 0 |
| BOTTOM OF THE 3RD |
|
Chicago Cubs batting - Pitching for Cincinnati Reds : RHP Bryce Schimmoeller
|
|
Batting: RHB Will Leslie
|
0-0: Ball 1-0: Swinging Strike 1-1: Called Strike 1-2: Strikes out swinging
|
|
Batting: RHB Steve Bui
|
0-0: Ball 1-0: Ball 2-0: Called Strike 2-1: Ball 3-1: Base on Balls
|
|
Batting: RHB Adam O'Hare
|
0-0: Ball 1-0: Called Strike 1-1: Fly out, F7 (Flyball, 78M, EV 91.9 MPH)
|
|
Batting: RHB Yasuhide Kasahara
|
0-0: Ball 1-0: Called Strike 1-1: Ball 2-1: SINGLE (Line Drive, 5D, EV 99.4 MPH) Steve Bui to second
|
|
Batting: LHB Kevin Norton
|
0-0: Called Strike 0-1: SINGLE (Groundball, 4MD, EV 107.5 MPH) Steve Bui to third Yasuhide Kasahara to second Runner from 3rd tries for Home, SAFE, throw by CF to home
|
|
Batting: RHB Efrain Vargas
|
0-0: Ball 1-0: Ball 2-0: Ball 3-0: Fly out, F8 (Flyball, 8LS, EV 87.5 MPH)
|
| Bottom of the 3rd over - 1 run, 2 hits, 0 errors, 2 left on base; Cincinnati 3 - Chicago 1 |
| TOP OF THE 4TH |
|
Cincinnati Reds batting - Pitching for Chicago Cubs : RHP Randy Budgell
|
|
Batting: RHB Omar Quintana
|
0-0: Ball 1-0: Ground out 4-3 (Groundball, 4, EV 84.4 MPH)
|
|
Batting: SHB Dave Barefoot
|
0-0: Called Strike 0-1: Ball 1-1: Ball 2-1: Fly out, F7 (Flyball, 7D, EV 103.1 MPH)
|
|
Batting: RHB Fred Slade
|
0-0: Fly out, F8 (Line Drive, 8RM, EV 107.5 MPH)
|
| Top of the 4th over - 0 runs, 0 hits, 0 errors, 0 left on base; Cincinnati 3 - Chicago 1 |
| BOTTOM OF THE 4TH |
|
Chicago Cubs batting - Pitching for Cincinnati Reds : RHP Bryce Schimmoeller
|
|
Batting: RHB Josh Kalman
|
0-0: Ball 1-0: Foul Ball, location: 2F 1-1: Fly out, F6 (Popup, P, EV 89.4 MPH)
|
|
Batting: RHB Kaeo Zirpoli
|
0-0: Called Strike 0-1: Ball 1-1: Ball 2-1: Ball 3-1: Base on Balls
|
|
Batting: RHB Elijah Campbell
|
0-0: Ball 1-0: Ball 2-0: Called Strike 2-1: Swinging Strike 2-2: Strikes out swinging
|
|
Batting: RHB Will Leslie
|
0-0: Ball 1-0: Ball 2-0: Ball 3-0: Called Strike 3-1: Foul Ball, location: 2F 3-2: SINGLE (Groundball, 4, EV 103.8 MPH) Kaeo Zirpoli to second Kaeo Zirpoli to third
|
|
Batting: RHB Steve Bui
|
0-0: Called Strike 0-1: Ball 1-1: Ground out U3 (Groundball, 3L, EV 101.2 MPH)
|
| Bottom of the 4th over - 0 runs, 1 hit, 0 errors, 2 left on base; Cincinnati 3 - Chicago 1 |
| TOP OF THE 5TH |
|
Cincinnati Reds batting - Pitching for Chicago Cubs : RHP Randy Budgell
|
|
Batting: LHB Jon Ledesma
|
0-0: Called Strike 0-1: Ball 1-1: Ball 2-1: Ball 3-1: Swinging Strike 3-2: Foul Ball, location: 2F 3-2: Base on Balls
|
|
Batting: LHB Sean Geisler
|
0-0: Ball 1-0: Swinging Strike 1-1: Foul Ball, location: 2F 1-2: Reached on error, E1 (Groundball, 34S, EV 66.9 MPH) Jon Ledesma to second
|
|
Batting: LHB Jake Bill
|
0-0: Called Strike 0-1: Ball 1-1: Grounds into double play, 4-6-3 (Groundball, 4, EV 93.8 MPH) Jon Ledesma to third
|
|
Batting: RHB Willie Cardamone
|
0-0: Swinging Strike 0-1: Foul Ball, location: 2F 0-2: Ball 1-2: Strikes out swinging
|
| Top of the 5th over - 0 runs, 0 hits, 1 error, 1 left on base; Cincinnati 3 - Chicago 1 |
| BOTTOM OF THE 5TH |
|
Chicago Cubs batting - Pitching for Cincinnati Reds : RHP Bryce Schimmoeller
|
|
Batting: RHB Adam O'Hare
|
0-0: Fly out, F8 (Line Drive, 8RM, EV 88.8 MPH)
|
|
Batting: RHB Yasuhide Kasahara
|
0-0: Ground out 3-1 (Groundball, 34S, EV 76.9 MPH)
|
|
Batting: LHB Kevin Norton
|
0-0: Foul Ball, location: 2F 0-1: Ball 1-1: SINGLE (Line Drive, 7S, EV 106.9 MPH)
|
|
Batting: RHB Efrain Vargas
|
0-0: Ball 1-0: Foul Ball, location: 2F 1-1: 2-RUN HOME RUN (Flyball, 7D, EV 98.1 MPH), Distance : 376 ft
|
|
Batting: RHB Josh Kalman
|
0-0: Called Strike 0-1: SINGLE (Groundball, 6MD, EV 98.1 MPH)
|
|
Batting: RHB Kaeo Zirpoli
|
0-0: Ball 1-0: Called Strike 1-1: Swinging Strike 1-2: SINGLE (Line Drive, 9S, EV 102.5 MPH) Josh Kalman to second Runner from 2nd tries for 3rd, SAFE, throw by RF made to third
|
|
Batting: RHB Elijah Campbell
|
0-0: Ball 1-0: Ground out 4-3 (Groundball, 34, EV 89.4 MPH)
|
| Bottom of the 5th over - 2 runs, 4 hits, 0 errors, 2 left on base; Cincinnati 3 - Chicago 3 |
| TOP OF THE 6TH |
|
Cincinnati Reds batting - Pitching for Chicago Cubs : RHP Randy Budgell
|
|
Batting: SHB Saulo Maina
|
0-0: Called Strike 0-1: Ball 1-1: Called Strike 1-2: Foul Ball, location: 2F 1-2: Ball 2-2: Ball 3-2: Strikes out swinging
|
|
Batting: LHB Shawn Morrison
|
0-0: Foul Ball, location: 2F 0-1: Called Strike 0-2: Ball 1-2: Ball 2-2: Ball 3-2: Base on Balls
|
|
Batting: RHB Omar Quintana
|
0-0: Ball Shawn Morrison steals 2nd, throwing error, E2 Shawn Morrison to third 1-0: Foul Ball, location: 2F 1-1: Ball 2-1: Called Strike 2-2: Strikes out looking
|
|
Pitching: RHP Edwin Rivera
|
|
|
Batting: SHB Dave Barefoot
|
0-0: Ball 1-0: Ball 2-0: Fly out, F9 (Flyball, 9D, EV 75.0 MPH)
|
| Top of the 6th over - 0 runs, 0 hits, 1 error, 1 left on base; Cincinnati 3 - Chicago 3 |
| BOTTOM OF THE 6TH |
|
Chicago Cubs batting - Pitching for Cincinnati Reds : RHP Bryce Schimmoeller
|
|
Batting: RHB Will Leslie
|
0-0: Ball 1-0: Called Strike 1-1: Foul Ball, location: 2F 1-2: Ball 2-2: Ground out 6-3 (Groundball, 6, EV 106.9 MPH)
|
|
Batting: RHB Steve Bui
|
0-0: Ball 1-0: Called Strike 1-1: Fly out, F9 (Flyball, 9LS, EV 86.9 MPH)
|
|
Batting: RHB Adam O'Hare
|
0-0: Ball 1-0: Ball 2-0: Ball 3-0: Called Strike 3-1: Fly out, F7 (Line Drive, 7D, EV 97.5 MPH)
|
| Bottom of the 6th over - 0 runs, 0 hits, 0 errors, 0 left on base; Cincinnati 3 - Chicago 3 |
| TOP OF THE 7TH |
|
Cincinnati Reds batting - Pitching for Chicago Cubs : RHP Edwin Rivera
|
|
Batting: RHB Fred Slade
|
0-0: Called Strike 0-1: Swinging Strike 0-2: Fly out, F3 (Flyball, 3D, EV 84.4 MPH)
|
|
Batting: LHB Jon Ledesma
|
0-0: Ball 1-0: Ground out 4-3 (Groundball, 4, EV 81.2 MPH)
|
|
Batting: LHB Sean Geisler
|
0-0: Called Strike 0-1: Fly out, F9 (Flyball, 9LD, EV 93.8 MPH)
|
| Top of the 7th over - 0 runs, 0 hits, 0 errors, 0 left on base; Cincinnati 3 - Chicago 3 |
| BOTTOM OF THE 7TH |
|
Chicago Cubs batting - Pitching for Cincinnati Reds : RHP Bryce Schimmoeller
|
|
Batting: RHB Yasuhide Kasahara
|
0-0: Fly out, F8 (Flyball, 89XD, EV 105.0 MPH)
|
|
Batting: LHB Kevin Norton
|
0-0: Called Strike 0-1: Ball 1-1: Called Strike 1-2: Fly out, F7 (Line Drive, 7, EV 89.4 MPH)
|
|
Batting: RHB Efrain Vargas
|
0-0: Ball 1-0: Swinging Strike 1-1: SINGLE (Groundball, 6MS, EV 81.9 MPH) (infield hit)
|
|
Batting: RHB Josh Kalman
|
0-0: Called Strike 0-1: Ball 1-1: SINGLE (Groundball, 56D, EV 109.4 MPH) Efrain Vargas to second
|
|
Batting: RHB Kaeo Zirpoli
|
0-0: Ball 1-0: Foul Ball, location: 2F 1-1: Foul Ball, location: 2F 1-2: Ball 2-2: Strikes out looking
|
| Bottom of the 7th over - 0 runs, 2 hits, 0 errors, 2 left on base; Cincinnati 3 - Chicago 3 |
| TOP OF THE 8TH |
|
Cincinnati Reds batting - Pitching for Chicago Cubs : RHP Edwin Rivera
|
|
Batting: LHB Jake Bill
|
0-0: Ball 1-0: Foul Ball, location: 2F 1-1: Foul Ball, location: 2F 1-2: SINGLE (Groundball, 4D, EV 106.2 MPH)
|
|
Batting: RHB Willie Cardamone
|
0-0: Ball 1-0: Swinging Strike 1-1: Grounds into double play, 4-6-3 (Groundball, 4, EV 91.9 MPH)
|
|
Batting: SHB Saulo Maina
|
0-0: Fly out, F9 (Flyball, 9D, EV 109.4 MPH)
|
| Top of the 8th over - 0 runs, 1 hit, 0 errors, 0 left on base; Cincinnati 3 - Chicago 3 |
| BOTTOM OF THE 8TH |
|
Chicago Cubs batting - Pitching for Cincinnati Reds : RHP Bryce Schimmoeller
|
|
Pitching: LHP Jose Estrada
|
|
|
Batting: RHB Elijah Campbell
|
0-0: Ball 1-0: SOLO HOME RUN (Flyball, 7LD, EV 99.4 MPH), Distance : 388 ft
|
|
Batting: RHB Will Leslie
|
0-0: Called Strike 0-1: Ball 1-1: Ball 2-1: Ground out 4-3 (Groundball, 34D, EV 104.4 MPH)
|
|
Batting: RHB Steve Bui
|
0-0: Ball 1-0: SINGLE (Groundball, 4M, EV 103.1 MPH)
|
|
Batting: RHB Adam O'Hare
|
0-0: Called Strike 0-1: Ball 1-1: Ball Wild Pitch! Steve Bui to second 2-1: Ground out 5-3 (Groundball, 56S, EV 66.9 MPH) Steve Bui to third
|
|
Batting: RHB Yasuhide Kasahara
|
0-0: Ball 1-0: Ball 2-0: Swinging Strike 2-1: Called Strike 2-2: Foul Ball, location: 2F 2-2: Ball 3-2: Base on Balls
|
|
Batting: LHB Kevin Norton
|
0-0: SINGLE (Groundball, 6, EV 102.5 MPH) (infield hit) Steve Bui scores Yasuhide Kasahara to second
|
|
Batting: RHB Efrain Vargas
|
0-0: Called Strike 0-1: Ball 1-1: Ball 2-1: Ball 3-1: Called Strike 3-2: SINGLE (Line Drive, 34, EV 110.0 MPH) Yasuhide Kasahara to third Kevin Norton to second Yasuhide Kasahara scores Kevin Norton to third
|
|
Pitching: RHP Gwidon Kaminski
|
|
|
Batting: RHB Josh Kalman
|
0-0: Ball 1-0: Ball 2-0: DOUBLE (Flyball, 78XD, EV 113.1 MPH) Kevin Norton scores Efrain Vargas to third Runner from 3rd tries for Home, SAFE, no throw by LF
|
|
Batting: RHB Kaeo Zirpoli
|
0-0: Ball 1-0: Ball 2-0: Ball 3-0: Called Strike 3-1: Foul Ball, location: 2F 3-2: Strikes out swinging
|
| Bottom of the 8th over - 5 runs, 5 hits, 0 errors, 1 left on base; Cincinnati 3 - Chicago 8 |
| TOP OF THE 9TH |
|
Cincinnati Reds batting - Pitching for Chicago Cubs : RHP Edwin Rivera
|
|
Batting: LHB Shawn Morrison
|
0-0: Ball 1-0: Called Strike 1-1: Swinging Strike 1-2: Foul Ball, location: 2F 1-2: Foul Ball, location: 2F 1-2: Strikes out looking
|
|
Batting: RHB Omar Quintana
|
0-0: SINGLE (Line Drive, 8LS, EV 103.1 MPH)
|
|
Batting: SHB Dave Barefoot
|
0-0: Ball 1-0: Ball 2-0: Ball 3-0: Base on Balls Omar Quintana to second
|
|
Batting: RHB Fred Slade
|
0-0: Ball 1-0: Ball 2-0: SINGLE (Groundball, 56D, EV 102.5 MPH) Omar Quintana to third Dave Barefoot to second
|
|
Pitching: LHP George Poirier
|
|
|
Batting: LHB Jon Ledesma
|
0-0: Ball 1-0: Ball 2-0: Ball 3-0: Base on Balls Omar Quintana scores Dave Barefoot to third Fred Slade to second
|
|
Batting: LHB Sean Geisler
|
0-0: Ball 1-0: Swinging Strike 1-1: Called Strike 1-2: DOUBLE (Line Drive, 78M, EV 95.0 MPH) Dave Barefoot scores Fred Slade scores Jon Ledesma to third
|
|
Batting: RHB Reilly Hawkins
|
0-0: Swinging Strike 0-1: Fly out, F9 (Flyball, 9D, EV 107.5 MPH) Runner from 3rd tags up, SCORES, no throw by RF Sean Geisler to third
|
|
Batting: RHB Willie Cardamone
|
0-0: Called Strike 0-1: Ball 1-1: Ball 2-1: Ball 3-1: Base on Balls
|
|
Batting: SHB Saulo Maina
|
0-0: Ball Willie Cardamone steals 2nd base 1-0: Foul Ball, location: 2F 1-1: Foul Ball, location: 2F 1-2: Ground out 6-3 (Groundball, 6M, EV 85.6 MPH)
|
| Top of the 9th over - 4 runs, 3 hits, 0 errors, 2 left on base; Cincinnati 7 - Chicago 8 |
|